 Dungeon Crawl Stone Soup version 0.23.0-3-gf3c87f2 (webtiles) character file.

Game seed: 2760250725242005172

167 Inarius the Skirmisher (level 5, 0/46 HPs)
             Began as a Centaur Conjurer on Feb 21, 2019.
             Killed by divine providence
             ... invoked by an orc priest
              (12 damage)
             ... on level 2 of the Dungeon.
             The game lasted 00:05:54 (4004 turns).

Inarius the Skirmisher (Centaur Conjurer)           Turns: 4004, Time: 00:05:56

Health: 0/46       AC: 12    Str: 11    XL:     5   Next: 23%
Magic:  1/7        EV:  8    Int: 14    God:
Gold:   43         SH:  0    Dex: 10    Spells: 6/7 levels left

rFire    . . .     SeeInvis .   g - +2 flail (protect)
rCold    . . .     Gourm    .   (no shield)
rNeg     . . .     Faith    .   k - +0 ring mail
rPois    .         Spirit   .   (no helmet)
rElec    .         Reflect  .   (no cloak)
rCorr    .         Harm     .   (no gloves)
MR       .....                  (no barding)
Stlth    ..........             (no amulet)
HPRegen  0.15/turn              (no ring)
MPRegen  0.10/turn              (no ring)

@: protection aura, very slightly contaminated, very quick
A: large, hooves 3, deformed body, speed 2, tough skin 3
a: no special abilities


You were on level 2 of the Dungeon.
You were hungry.

You visited 1 branch of the dungeon, and saw 3 of its levels.

You collected 43 gold pieces.

Inventory:

Hand Weapons
 b - a +1 dagger of speed
 g - a +2 flail of protection (weapon)
 h - a +0 dagger of protection
Armour
 k - a +0 ring mail (worn)
Scrolls
 f - 4 scrolls of identify {unknown}
 i - 2 scrolls of immolation {unknown}
Potions
 d - 4 potions of curing {unknown}
 e - a potion of resistance {unknown}
Comestibles
 c - 4 rations
 j - a chunk of flesh


   Skills:
 * Level 3.8 Fighting
 + Level 0.2 Maces & Flails
 + Level 0.3 Armour
 + Level 2.6 Dodging
 - Level 1.1 Stealth
 - Level 1.5 Spellcasting
 - Level 3.6 Conjurations


You had 6 spell levels left.
You knew the following spells:

 Your Spells              Type           Power        Failure   Level  Hunger
a - Magic Dart            Conj           ##..         14%         1    ##.....

Your spell library contained the following spells:

 Spells                   Type           Power        Failure   Level  Hunger
 Searing Ray              Conj           ##....       22%         2    ###....
 Dazzling Spray           Conj/Hex       #.....       65%         3    ####...
 Iskenderun's Mystic Bla  Conj           ##......     80%         4    #####..
 Force Lance              Conj/Tloc      #.......     96%         4    #####..
 Fulminant Prism          Conj/Hex       #.........   96%         4    #####..


Dungeon Overview and Level Annotations

Branches:
Dungeon (3/15)

Altars:


Innate Abilities, Weirdness & Mutations

You have hooves in place of feet.
Armour fits poorly on your strangely shaped body.
You cover ground very quickly.
You have extremely tough skin. (AC +3)


Message History

Aiming: Magic Dart (safe; 14% risk of failure)
Press: ? - help, Shift-Dir - straight line, f/p - orc priest
Aim: an orc priest, wielding a +0 war axe and wearing a +0 chain mail (lightly wounded)
The magic dart hits the orc priest but does no damage.
The orc priest is lightly wounded.
The orc priest invokes the aid of Beogh against you.
Pain shoots through your body!
The orc priest calls upon Beogh to heal the orc priest.
The orc priest's wounds heal themselves!
The orc priest hits you with a +0 war axe!
* * * LOW HITPOINT WARNING * * *
You climb upwards.
There is a stone staircase leading down, spattered with blood here.
You hit the orc priest.
Your weapon exudes an aura of protection.
You kick the orc priest, but do no damage.
The orc priest is moderately wounded.
The orc priest mumbles some strange prayers to Beogh against you.
Beogh smites you!
You die...

#รท# #........... #.#
#...........
#.#####.....(.....
#.................
#.................
######......########...
#...................#'#
#.####o.............#.#
#.# #[@................
#.# #)...(............#
#.# #...........#######
#.# #..................
#.# ##......)...#######
#.####...............#
#........#'###.......#
######...#.# #.......#
#....<...#.###.......#


You could see an orc priest.

Vanquished Creatures
  An orc wizard (D:2)
  Terence (D:2)
  2 gnolls (D:2)
  2 adders (D:2)
  An ooze (D:2)
  4 worms (D:2)
  A dart slug (D:1)
  5 orcs
  6 bats
  3 giant cockroaches
  6 goblins
  4 hobgoblins
  4 jackals (D:1)
  6 kobolds
  2 quokkas (D:2)
  4 rats
52 creatures vanquished.

Notes
Turn   | Place    | Note
-------+----------+-------------------------------------------
     0 | D:1      | Inarius the Centaur Conjurer began the quest for the Orb.
     0 | D:1      | Reached XP level 1. HP: 14/14 MP: 3/3
    94 | D:1      | Reached skill level 1 in Fighting
   360 | D:1      | Reached XP level 2. HP: 12/23 MP: 0/4
  1118 | D:2      | Reached XP level 3. HP: 22/29 MP: 0/5
  1843 | D:2      | Reached XP level 4. HP: 34/38 MP: 1/6
  3146 | D:3      | Noticed Terence
  3559 | D:2      | Killed Terence
  3559 | D:2      | Reached XP level 5. HP: 41/46 MP: 3/7
  4004 | D:2      | Killed from afar by an orc priest

Skill      XL: |  1  2  3 |
---------------+----------+-----
Fighting       | 1 2 3 |  3.8
Dodging        | 2 |  2.6
Maces & Flails | |  0.2
Armour         | |  0.3
Stealth        | |  1.1
Spellcasting   | |  1.5
Conjurations   | |  3.6

Action                   |  1- 3 |  4- 6 || total
-------------------------+-------+-------++-------
Melee: Unarmed           |    28 |       ||    28
       Dagger            |    54 |    30 ||    84
       Kick              |    14 |    14 ||    28
       Flail             |       |    33 ||    33
 Cast: Magic Dart        |    66 |    47 ||   113
  Eat: Chunk             |     4 |     7 ||    11
Armor: Robe              |    30 |    11 ||    41
       Ring mail         |       |    22 ||    22
Dodge: Dodged            |    37 |    40 ||    77
